[Event "*** Titled Tuesday Blitz"]
[Site "Chess.com"]
[Date "2020.05.26"]
[Round "2"]
[White "TregubovP"]
[Black "TheProfessor13"]
[Result "0-1"]
[WhiteElo "2585"]
[BlackElo "2971"]
[TimeControl "180+1"]
[EndTime "10:16:46 PDT"]
[Termination "TheProfessor13 won on time"]

1. e4 e5 2. Nf3 Nc6 3. Bb5 Nf6 4. d4 Nxe4 5. dxe5 d5 6. O-O Be7 7. c4 dxc4 8. Qe2 Qd3 9. Qxd3 cxd3 10. Bxd3 Nc5 11.
Bc4 Bg4 12. Re1 O-O-O 13. Na3 Bh5 14. Bf4 Ne6 15. Bg3 Bxf3 16. gxf3 g6 17. Rad1 h5 18.
h3 Bxa3 19. bxa3 Ne7 20. Kg2 Nf5 21. f4 Rxd1 22. Rxd1 Rd8 23. Rxd8+ Kxd8 24. Kf3 Kd7 25. Ke4 Kc6 26. Bh2 Kc5 27. Kd3 b5 28. Bb3 Kb6 29. Kd2 c5 30. f3 c4 31. Bg1+ Kc6 32. Bc2 Kb7 33. Be4+ Ka6 34. Kc3 Ka5 35. Bxa7 Ka4 0-1

[Event "*** Titled Tuesday Blitz"]
[Site "Chess.com"]
[Date "2020.05.26"]
[Round "2"]
[White "TST2014"]
[Black "SantoBlue"]
[Result "0-1"]
[WhiteElo "2516"]
[BlackElo "2800"]
[TimeControl "180+1"]
[EndTime "10:16:46 PDT"]
[Termination "SantoBlue won by resignation"]

1. d4 Nf6 2. c4 e6 3. Nf3 b6 4. a3 Bb7 5. Nc3 d5 6. cxd5 Nxd5 7. e3 g6 8. Bb5+ c6 9. Bd3 Bg7 10. h4 Nd7 11. h5 c5 12. h6 Bf6 13. e4 Nxc3 14. bxc3 O-O 15. e5 Be7 16. O-O Rc8 17. Be3 Bxf3 18. Qxf3 Nxe5 19. dxe5 Qxd3 20.
Rac1 Qf5 21. Qxf5 exf5 22. c4 Rfd8 23. Rfd1 Kf8 24. a4 Ke8 25. Kf1 Rxd1+ 26. Rxd1 Rd8 27. Rd5 f6 28. f4 fxe5 29. fxe5 Kf7 30. Ke2 Ke6 31.
Rxd8 Bxd8 32. Bf4 g5 33. Bh2 Bc7 34. Kf3 Bxe5 35. Bg1 g4+ 36. Ke3 Bd4+ 37. Kf4 Bxg1 38. g3 Kf6 39. a5 Be3+ 40. Kxe3 bxa5 41. Kf4 a4 42. Ke3 a3 43. Kd2 a2 44. Kc2 a1=Q 45.
Kb3 Qc1 46. Ka4 Qb2 47. Ka5 Qb6+ 0-1

[Event "*** Titled Tuesday Blitz"]
[Site "Chess.com"]
[Date "2020.05.26"]
[Round "2"]
[White "TheBigBadChessDad"]
[Black "TudorAnton"]
[Result "0-1"]
[WhiteElo "2244"]
[BlackElo "2455"]
[TimeControl "180+1"]
[EndTime "10:16:46 PDT"]
[Termination "TudorAnton won by resignation"]

1. d4 Nf6 2. Nf3 d5 3. Bf4 Bf5 4. e3 e6 5. c4 c6 6. Nc3 Nbd7 7. Qb3 Qb6 8. c5 Qxb3 9. axb3 a6 10. b4 Rc8 11. h3 Ne4 12. Nd2 Nxd2 13. Kxd2 f6 14. Bh2 e5 15. Bd3 Bxd3 16. Kxd3 e4+ 17. Kd2 f5 18. g4 fxg4 19. hxg4 Be7 20. Raf1 O-O 21. Ke2 Nf6 22. g5 Nd7 23. Bf4 Rf5 24. Rhg1 Rcf8 25. f3 exf3+ 26. Rxf3 g6 27. Rh3 R8f7 28. Kd3 Nf8 29.
Ne2 Ne6 30. Rgg3 Bxg5 31. Bxg5 Nxg5 32. Rh1 Ne4 33. Rgh3 Nf2+ 34. Kd2 Nxh1 35. Rxh1 Rf2 36. Kd3 Rg2 37. Nf4 Rxf4 38. exf4 Rxb2 39. Kc3 Rf2 40. Rh4 h5 41. Kb3 Kg7 42. Ka4 Kf6 43. Ka5 Rb2 44. Rh1 Kf5 45. Re1 Kxf4 46. Re7 h4 47. Rxb7 h3 48.
Rh7 h2 49. Kb6 g5 50. Kxc6 g4 51. Kd7 g3 52. c6 Rxb4 53. c7 Rc4 54. Rh6 Rxc7+ 55.
Kxc7 Ke3 0-1

[Event "*** Titled Tuesday Blitz"]
[Site "Chess.com"]
[Date "2020.05.26"]
[Round "2"]
[White "Ceejay271"]
[Black "BelaKis"]
[Result "1-0"]
[WhiteElo "2403"]
[BlackElo "2121"]
[TimeControl "180+1"]
[EndTime "10:16:46 PDT"]
[Termination "Ceejay271 won on time"]

1. d4 Nf6 2. c4 g6 3. Nc3 Bg7 4. e4 d6 5. Nf3 O-O 6. Be2 e5 7. d5 a5 8. Bg5 h6 9. Be3 Ng4 10. Bd2 f5 11. h3 Nf6 12. exf5 gxf5 13. Qc1 Kh7 14. g4 e4 15. Nd4 f4 16. Bxf4 Na6 17. Be3 Nc5 18. Qd2 a4 19. O-O-O Qe7 20. Rdg1 Bd7 21. h4 c6 22. g5 Ng8 23. gxh6 Bxh6 24. Bg5 Qe5 25. Bxh6 Nxh6 26. Rg5 Qf4 27.
Rhg1 Qxd2+ 28. Kxd2 Rf7 29. Bh5 Re7 30. Bg6+ Kh8 31. Rh5 Kg7 32. Be8+ Kf8 33. Bxd7 1-0

[Event "*** Titled Tuesday Blitz"]
[Site "Chess.com"]
[Date "2020.05.26"]
[Round "2"]
[White "GelmanAlexander"]
[Black "ChessWarrior7197"]
[Result "0-1"]
[WhiteElo "2567"]
[BlackElo "2902"]
[TimeControl "180+1"]
[EndTime "10:16:47 PDT"]
[Termination "ChessWarrior7197 won by resignation"]

1. c4 e6 2. Nf3 d5 3. d3 c5 4.
Nbd2 Nf6 5. e3 Bd6 6. b3 O-O 7.
Bb2 a6 8. Rg1 b5 9. g4 Bb7 10.
g5 Nfd7 11. h4 Nc6 12. h5 Nde5 13. Nxe5 Bxe5 14. Bxe5 Nxe5 15. f4 Nc6 16. g6 Qh4+ 17. Ke2 Qxh5+ 18. Nf3 fxg6 19. Rg5 Qh6 20. cxd5 exd5 21.
Qc2 c4 22. Bg2 Rae8 23. Rh1 d4 24. Rxh6 gxh6 25. Rg4 cxd3+ 26. Qxd3 Rxe3+ 27. Qxe3 dxe3 28. Kxe3 Ne7 29. Ne5 h5 30. Rg5 h6 31. Nxg6 hxg5 32.
Nxe7+ Kf7 33. Bxb7 gxf4+ 34. Kxf4 Kxe7+ 35. Kg5 a5 36.
Kxh5 b4 37. Kg5 Rf2 0-1

[Event "*** Titled Tuesday Blitz"]
[Site "Chess.com"]
[Date "2020.05.26"]
[Round "2"]
[White "wannabe2700"]
[Black "Kavyev_Ruslan"]
[Result "0-1"]
[WhiteElo "2721"]
[BlackElo "2503"]
[TimeControl "180+1"]
[EndTime "10:16:47 PDT"]
[Termination "Kavyev_Ruslan won on time"]

1. e4 c5 2. d4 cxd4 3. Nf3 d6 4. Nxd4 Nf6 5. Nc3 a6 6. Be3 e5 7. Nb3 Be6 8. f3 h5 9. Qd2 Nbd7 10. Nd5 Bxd5 11.
exd5 g6 12. O-O-O Bg7 13. Kb1 O-O 14. h3 e4 15. g4 exf3 16. g5 Ne4 17. Qd3 Re8 18.
h4 Rc8 19. Rh3 Ndc5 20. Nxc5 Nxc5 21. Bxc5 Rxc5 22. Rxf3 Qb6 23. Qb3 Qxb3 24. axb3 Re4 25. Rh3 Rc7 26. Bd3 Re5 27. Rf1 Rce7 28. Ka2 b5 29. c4 b4 30. c5 Rxd5 31. cxd6 Rxd6 32. Bc4 Rd2 33. Rb1 a5 34. Rd3 Ree2 35. Rd8+ Rxd8 36.
Bxe2 Rd2 37. Bc4 Bd4 38. Ka1 Kg7 39. Ka2 Kf8 40. Ka1 Ke7 41. Re1+ Kd6 42. Bxf7 Rxb2 0-1

[Event "*** Titled Tuesday Blitz"]
[Site "Chess.com"]
[Date "2020.05.26"]
[Round "2"]
[White "Love_craft"]
[Black "Roaccutane"]
[Result "0-1"]
[WhiteElo "2476"]
[BlackElo "2725"]
[TimeControl "180+1"]
[EndTime "10:16:47 PDT"]
[Termination "Roaccutane won by checkmate"]

1. d4 Nf6 2. c4 g6 3. Nc3 d5 4.
cxd5 Nxd5 5. e4 Nxc3 6. bxc3 Bg7 7. Nf3 c6 8. h3 O-O 9. Be2 e5 10. O-O exd4 11. cxd4 Re8 12. e5 Be6 13. Bg5 Qa5 14. Qc1 Nd7 15. Bh6 Bh8 16. Qf4 f6 17. Qh4 Bd5 18. Qg4 Qd8 19. Nh4 Kf7 20. Bd3 f5 21. Nxf5 gxf5 22. Qxf5+ Nf6 23. exf6 Qxf6 24. Qxh7+ Bg7 25.
Bxg7 Qxg7 26. Qh5+ Kg8 27. Rae1 Qxg2# 0-1

[Event "*** Titled Tuesday Blitz"]
[Site "Chess.com"]
[Date "2020.05.26"]
[Round "2"]
[White "Norival"]
[Black "Danfii"]
[Result "0-1"]
[WhiteElo "2636"]
[BlackElo "2397"]
[TimeControl "180+1"]
[EndTime "10:16:47 PDT"]
[Termination "Danfii won by resignation"]

1. d4 Nf6 2. c4 e6 3. Nc3 Bb4 4.
Qc2 Nc6 5. e3 d6 6. Ne2 e5 7. d5 Ne7 8. a3 Bf5 9. Qa4+ Nd7 10.
Qxb4 Nc5 11. Ng3 a5 12. Qb5+ c6 13. dxc6 bxc6 14. Qxc5 dxc5 15. e4 Be6 16. Be3 Rb8 17. Na4 O-O 18. Bxc5 Re8 19. Be2 Ng6 20. O-O Nf4 21.
Rfd1 Qf6 22. Bf1 Red8 23. Bb6 Rxd1 24. Rxd1 h5 25. Bxa5 h4 26. Ne2 Qg5 27. Nxf4 exf4 28. Bc7 Rc8 29. Bd6 h3 30. g3 fxg3 31. hxg3 Bg4 32.
Rd3 Qc1 0-1

[Event "*** Titled Tuesday Blitz"]
[Site "Chess.com"]
[Date "2020.05.26"]
[Round "2"]
[White "Shockerlover"]
[Black "davidkalashian"]
[Result "0-1"]
[WhiteElo "1765"]
[BlackElo "2607"]
[TimeControl "180+1"]
[EndTime "10:16:49 PDT"]
[Termination "davidkalashian won by resignation"]

1. d4 Nf6 2. Nf3 e6 3. c4 b6 4. g3 Ba6 5. b3 Bb4+ 6. Bd2 Be7 7. Bg2 c6 8. O-O d5 9. cxd5 cxd5 10. Nc3 O-O 11.
Rc1 Nbd7 12. Bf4 Rc8 13. Qd2 Bb4 14. Rc2 Rxc3 15. Rxc3 Ne4 16. Rc8 Nxd2 17. Rxd8 Nxf3+ 18. Bxf3 Rxd8 19. Rc1 Rc8 20. Rc7 Rxc7 21. Bxc7 Bb7 22.
e3 Kf8 23. g4 Ke7 24. h4 Bd6 25. Bxd6+ Kxd6 26. g5 Nb8 27. Kf1 Nc6 28. a3 Na5 29. b4 Nc4 30. a4 Nd2+ 31. Ke2 Nxf3 32. Kxf3 e5 33. Kg4 Bc8+ 34. Kh5 a5 35. b5 exd4 36. exd4 Bf5 37. f4 Bc2 38. Kg4 Bxa4 39. h5 Bxb5 40. f5 Be2+ 41. Kf4 Bxh5 42. f6 gxf6 43. gxf6 a4 44.
Kg5 Bg6 45. Kh6 a3 46. Kg7 a2 0-1

[Event "*** Titled Tuesday Blitz"]
[Site "Chess.com"]
[Date "2020.05.26"]
[Round "2"]
[White "VojtechPlat"]
[Black "Arman_Hakemi"]
[Result "1-0"]
[WhiteElo "2893"]
[BlackElo "2559"]
[TimeControl "180+1"]
[EndTime "10:16:50 PDT"]
[Termination "VojtechPlat won by resignation"]

1. e4 e5 2. Nf3 Nc6 3. Bb5 a6 4. Ba4 Nf6 5. d4 b5 6. Bb3 Nxd4 7. Bxf7+ Kxf7 8. Nxe5+ Kg8 9. Qxd4 c5 10. Qd1 Qe8 11. Nf3 Qxe4+ 12. Be3 d5 13. O-O d4 14. Bg5 Bb7 15.
Nbd2 Qg6 16. Bxf6 gxf6 17. Re1 Kf7 18. Qe2 Rg8 19. Qe6+ Kg7 20. Nh4 Qg5 21. Ndf3 Qd5 22. Nf5+ Kh8 23. Qxf6+ Bg7 24. Nxg7 Rxg7 25. Re7 Rg8 26.
Rxg7 Rxg7 27. Re1 Qf7 28. Qxf7 Rxf7 29. Ne5 Rc7 30. f4 Kg7 31. Kf2 Kf6 32. g3 Bd5 33.
a3 h5 34. h4 Rg7 35. Nd3 c4 36. Nc5 a5 37. Re5 Bg8 38. Ne4+ Kg6 39. Rxb5 d3 40. cxd3 cxd3 41. Rg5+ Kh6 42. Rxg7 Kxg7 43. Ke3 Bh7 44. Nc5 Kf6 45. Nxd3 Bxd3 46. Kxd3 Kf5 47. b4 axb4 48.
axb4 Kg4 49. b5 Kxg3 50. b6 Kxh4 51. b7 1-0

[Event "*** Titled Tuesday Blitz"]
[Site "Chess.com"]
[Date "2020.05.26"]
[Round "2"]
[White "heartofatiger"]
[Black "GMNickPert"]
[Result "0-1"]
[WhiteElo "2496"]
[BlackElo "2758"]
[TimeControl "180+1"]
[EndTime "10:16:50 PDT"]
[Termination "GMNickPert won by resignation"]

1. d4 d5 2. c4 c6 3. Nf3 Nf6 4. g3 Bf5 5. Bg2 e6 6. Nc3 Nbd7 7. Nh4 Bg4 8. h3 Bh5 9. g4 Bg6 10. Nxg6 hxg6 11. g5 Ng8 12. e4 dxc4 13. Qe2 Nb6 14. Be3 Bb4 15. Rd1 Ne7 16. h4 Qc7 17. h5 gxh5 18. Rxh5 O-O-O 19. Kf1 g6 20. Rh6 Rxh6 21. gxh6 Qh2 22. Qg4 f5 23. Qh3 Qxh3 24.
Bxh3 Rh8 25. Ke2 Ng8 26. exf5 gxf5 27. Rh1 Nxh6 28. Bxf5 exf5 29. Rxh6 Rxh6 30. Bxh6 Bxc3 31. bxc3 Nd5 32. Bd2 Kd7 33. f3 Ke6 34. Kf2 b5 35.
Ke2 a5 36. a3 Kf6 37. Kf2 Kg6 38. Kg3 Kh5 39. Kh3 b4 40. axb4 axb4 41. cxb4 c3 42. Be1 c2 43. Bd2 Nxb4 44. Kg3 Nd3 0-1

[Event "*** Titled Tuesday Blitz"]
[Site "Chess.com"]
[Date "2020.05.26"]
[Round "2"]
[White "quesfr"]
[Black "Abund"]
[Result "0-1"]
[WhiteElo "2298"]
[BlackElo "2599"]
[TimeControl "180+1"]
[EndTime "10:16:50 PDT"]
[Termination "Abund won by resignation"]

1. e4 c5 2. Nf3 Nc6 3. Bb5 g6 4. Bxc6 dxc6 5. d3 Bg7 6. h3 Nf6 7. Be3 Nd7 8. Qc1 h6 9. Nbd2 e5 10. a4 a5 11. Nc4 Qe7 12. Qd2 b6 13. O-O Ba6 14. Rfe1 Rd8 15. Nxb6 Nxb6 16. Qxa5 Qb7 17. Bxc5 Nd7 18. Ba3 Qb6 19. Qc3 c5 20. b4 cxb4 21.
Bxb4 Rc8 22. Qd2 Bf8 23. Bc3 Qc5 24. Bb2 Qxc2 25. Qxc2 Rxc2 26. Bxe5 Nxe5 27. Nxe5 Bg7 28. d4 O-O 29. Rac1 Ra2 30. Nd7 Bxd4 31. Nc5 Bxf2+ 32. Kh1 Bxe1 33. Rxe1 Bc8 0-1

[Event "*** Titled Tuesday Blitz"]
[Site "Chess.com"]
[Date "2020.05.26"]
[Round "2"]
[White "Atanejhad"]
[Black "annamaja"]
[Result "1-0"]
[WhiteElo "2446"]
[BlackElo "2223"]
[TimeControl "180+1"]
[EndTime "10:16:50 PDT"]
[Termination "Atanejhad won by resignation"]

1. d4 Nf6 2. c4 e6 3. Nc3 Bb4 4. e3 O-O 5. Ne2 d5 6. a3 Be7 7.
Nf4 c6 8. Bd3 a5 9. O-O Na6 10.
Qe2 dxc4 11. Bxc4 b5 12. Bd3 Bb7 13. Rd1 b4 14. Ne4 Nxe4 15. Bxe4 Qb6 16. Qf3 f5 17. Bd3 c5 18. Qg3 cxd4 19. Bc4 Rf6 20. exd4 Bd6 21. Be3 Bxf4 22. Qxf4 Qc6 23. Bf1 Rg6 24. f3 Rc8 25.
Rac1 Qd7 26. Rxc8+ Qxc8 27. Rc1 Qd7 28. Bxa6 Bxa6 29. Qb8+ Kf7 30. Rc7 Ke7 31. Rxd7+ Kxd7 32. Qa7+ 1-0

[Event "*** Titled Tuesday Blitz"]
[Site "Chess.com"]
[Date "2020.05.26"]
[Round "2"]
[White "witcher8"]
[Black "oykuince"]
[Result "1-0"]
[WhiteElo "2366"]
[BlackElo "2012"]
[TimeControl "180+1"]
[EndTime "10:16:50 PDT"]
[Termination "witcher8 won by checkmate"]

1. e4 c5 2. Nc3 e6 3. f4 Nc6 4. Nf3 g6 5. Bc4 Bg7 6. f5 d5 7. exd5 exd5 8. Nxd5 Bxf5 9. O-O Nge7 10. Nxe7 Nxe7 11. d3 O-O 12. Bg5 h6 13. Bh4 Qd7 14. h3 Bxb2 15. Rb1 Bg7 16. Re1 g5 17. Bf2 b6 18. Ne5 Qb7 19. Qh5 Nc6 20. Bd5 Bxe5 21. Rxe5 Be6 22. Qxh6 Bxd5 23. Rxg5# 1-0

[Event "*** Titled Tuesday Blitz"]
[Site "Chess.com"]
[Date "2020.05.26"]
[Round "2"]
[White "mishikomchedlishvili"]
[Black "Nikolaj_6"]
[Result "1-0"]
[WhiteElo "2838"]
[BlackElo "2535"]
[TimeControl "180+1"]
[EndTime "10:16:51 PDT"]
[Termination "mishikomchedlishvili won by resignation"]

1. d4 Nf6 2. Bg5 e6 3. e4 h6 4. Bxf6 Qxf6 5. c3 g5 6. Bd3 d6 7. Ne2 Bg7 8. O-O Qe7 9. f4 Nd7 10. Nd2 e5 11. fxe5 dxe5 12. Ng3 Nf6 13. Nf3 exd4 14. cxd4 O-O 15. Qb3 c5 16. e5 Ng4 17.
Rae1 cxd4 18. Bf5 Ne3 19. Rxe3 dxe3 20. Qxe3 Be6 21. Kh1 Rad8 22. Bb1 Rfe8 23. Qe4 f5 24. exf6 Bxf6 25. Nh5 1-0

[Event "*** Titled Tuesday Blitz"]
[Site "Chess.com"]
[Date "2020.05.26"]
[Round "2"]
[White "51616516516"]
[Black "farzadbfd"]
[Result "0-1"]
[WhiteElo "2359"]
[BlackElo "2746"]
[TimeControl "180+1"]
[EndTime "10:16:51 PDT"]
[Termination "farzadbfd won on time"]

1. d4 Nf6 2. c4 e6 3. Nc3 Bb4 4. Qc2 d5 5. cxd5 exd5 6. Bg5 h6 7. Bxf6 Qxf6 8. a3 Bxc3+ 9. Qxc3 O-O 10. Nf3 Bg4 11. Ne5 Be6 12. Qxc7 Nc6 13. Nxc6 bxc6 14. e3 Rfb8 15. Qxc6 Rc8 16. Qa4 Qg6 17. Qd1 Rc2 18. b4 Rac8 19. b5 Rb2 20. Bd3 Qxg2 21. Rf1 Bg4 22.
Rc1 Re8 23. Qa4 Rxe3+ 0-1

[Event "*** Titled Tuesday Blitz"]
[Site "Chess.com"]
[Date "2020.05.26"]
[Round "2"]
[White "maximnovik"]
[Black "dougie47"]
[Result "1-0"]
[WhiteElo "2455"]
[BlackElo "2233"]
[TimeControl "180+1"]
[EndTime "10:16:51 PDT"]
[Termination "maximnovik won on time"]

1. d4 Nf6 2. Bg5 Ne4 3. Bh4 g5 4. f3 gxh4 5. fxe4 c5 6. e3 Bh6 7. Kf2 cxd4 8. exd4 Qb6 9. Nc3 e6 10. Nf3 Nc6 11. Bb5 a6 12. Bxc6 bxc6 13. Ne5 d6 14.
Nc4 Qc7 15. e5 dxe5 16. dxe5 O-O 17. Qh5 Bg7 18. Rhe1 f5 19. Kg1 a5 20. Qxh4 Ba6 21. b3 Rad8 22. Kh1 c5 23. Rad1 Rxd1 24. Nxd1 Bxc4 25.
Qxc4 Qc6 26. Nf2 Kh8 27. Nd3 Rg8 28. Nf4 Bh6 29. Re2 Bxf4 30. Qxf4 Qd5 31. Rd2 1-0

[Event "*** Titled Tuesday Blitz"]
[Site "Chess.com"]
[Date "2020.05.26"]
[Round "2"]
[White "Omk124"]
[Black "PauloCesarCosta_sad"]
[Result "0-1"]
[WhiteElo "2399"]
[BlackElo "2188"]
[TimeControl "180+1"]
[EndTime "10:16:52 PDT"]
[Termination "PauloCesarCosta_sad won by resignation"]

1. e4 e6 2. d4 d5 3. Nd2 Nf6 4. e5 Nfd7 5. Bd3 c5 6. c3 Nc6 7. Ne2 Qb6 8. Nf3 cxd4 9. cxd4 f6 10. exf6 Nxf6 11. O-O Bd6 12. a3 O-O 13. b4 e5 14.
dxe5 Nxe5 15. Ned4 a5 16. b5 Qc7 17. Bb2 Nxd3 18.
Qxd3 Ne4 19. Rac1 Qf7 20. Ne2 Bg4 21. Ng3 Bxf3 22. gxf3 Ng5 23. Rfd1 Nxf3+ 24. Kh1 Bxg3 25. fxg3 Rad8 26. Rf1 Qh5 27. Rc2 Rd7 28. Rcf2 Rdf7 29. Qc3 Qg4 30. Rxf3 Rxf3 31. Rxf3 Qxf3+ 32. Qxf3 Rxf3 33.
Kg2 Rb3 0-1

[Event "*** Titled Tuesday Blitz"]
[Site "Chess.com"]
[Date "2020.05.26"]
[Round "2"]
[White "Piotrek1979"]
[Black "Konovalova_Vera"]
[Result "1-0"]
[WhiteElo "2410"]
[BlackElo "2147"]
[TimeControl "180+1"]
[EndTime "10:16:52 PDT"]
[Termination "Piotrek1979 won by resignation"]

1. Nf3 Nf6 2. g3 e6 3. Bg2 d5 4. O-O Bd6 5. b3 b6 6. c4 Bb7 7.
Bb2 Nbd7 8. d3 O-O 9. Qc2 c5 10. e3 Rc8 11. a3 Qc7 12. Nbd2 Ne5 13. Nxe5 Bxe5 14. b4 Bxb2 15. Qxb2 dxc4 16. Nxc4 Bxg2 17. Kxg2 Rfd8 18. Rfd1 Rd5 19. Rac1 Qb7 20. e4 Rd4 21. Qxd4 cxd4 22. Nd6 Rxc1 23. Rxc1 Qd7 24. Rc8+ Qxc8 25. Nxc8 Nd7 26. Nxa7 Kf8 27. f4 f6 28. Nc6 e5 29.
fxe5 fxe5 30. a4 Kf7 31. a5 bxa5 32. bxa5 Ke6 33. a6 Kd6 34. a7 Nb6 35. Na5 Na8 36. Nc4+ Ke6 37. h4 g6 38. g4 h6 39. g5 h5 40. Kf2 Nc7 41. Ke2 Na8 42. Kd1 Nc7 43.
Kc2 Na8 44. Kb3 Nc7 45. Ka4 1-0

[Event "*** Titled Tuesday Blitz"]
[Site "Chess.com"]
[Date "2020.05.26"]
[Round "2"]
[White "UCantHandleDenker"]
[Black "VitaliyBernadskiy"]
[Result "0-1"]
[WhiteElo "2460"]
[BlackElo "2689"]
[TimeControl "180+1"]
[EndTime "10:16:53 PDT"]
[Termination "VitaliyBernadskiy won by resignation"]

1. Nf3 c5 2. g3 Nc6 3. Bg2 e5 4.
d3 g6 5. O-O Bg7 6. c4 Nge7 7.
Nc3 d6 8. a3 a5 9. Rb1 Be6 10. Bg5 h6 11. Bd2 O-O 12. Ne1 d5 13.
cxd5 Nxd5 14. Nc2 Nde7 15. Ne3 Rb8 16. Na4 b6 17. b4 axb4 18. axb4 cxb4 19. Bxb4 Nxb4 20.
Rxb4 f5 21. Qb1 f4 22. Nc4 Nf5 23. Rxb6 Nd4 24. Re1 fxg3 25. hxg3 Rxb6 26. Qxb6 Qf6 27. f3 Qg5 28. Kf2 Bxc4 29. dxc4 e4 30. f4 e3+ 31.
Kxe3 Qxg3+ 32. Kd2 Qxg2 33. Nc3 Nf3+ 34. Kd1 Nxe1 35.
Kxe1 Bxc3+ 0-1

[Event "*** Titled Tuesday Blitz"]
[Site "Chess.com"]
[Date "2020.05.26"]
[Round "2"]
[White "TigrVShlyape"]
[Black "Gurvich_Vitaly"]
[Result "1-0"]
[WhiteElo "2847"]
[BlackElo "2542"]
[TimeControl "180+1"]
[EndTime "10:16:55 PDT"]
[Termination "TigrVShlyape won by resignation"]

1. d4 Nf6 2. Nf3 g6 3. c3 Bg7 4.
Bf4 O-O 5. Nbd2 b6 6. e3 Bb7 7. a4 a5 8. h3 d6 9. Bb5 Nbd7 10. O-O e6 11. Re1 Ne4 12. Nxe4 Bxe4 13. Bh2 Qe7 14.
Nd2 Bb7 15. e4 e5 16. Nf3 Rad8 17. Qb3 h6 18. Rad1 c6 19. Bf1 Rfe8 20. Bg3 Ba8 21. Qa3 Bf8 22. dxe5 Nxe5 23. Nxe5 dxe5 24. Qxe7 Bxe7 25.
Bxe5 Bc5 26. Bf6 Rxd1 27. Rxd1 Bb7 28. e5 Bc8 29. Bc4 g5 30. g4 Bf8 31. Kg2 Bg7 32. Rd8 Rxd8 33. Bxd8 b5 34. axb5 cxb5 35. Bxb5 Bb7+ 36. f3 1-0

[Event "*** Titled Tuesday Blitz"]
[Site "Chess.com"]
[Date "2020.05.26"]
[Round "2"]
[White "vanea_03"]
[Black "mamey78"]
[Result "1-0"]
[WhiteElo "2673"]
[BlackElo "2410"]
[TimeControl "180+1"]
[EndTime "10:16:55 PDT"]
[Termination "vanea_03 won by resignation"]

1. d4 d5 2. c4 c6 3. cxd5 cxd5 4. Bf4 Nc6 5. e3 Nf6 6. Nc3 a6 7. Bd3 Bg4 8. Nge2 e6 9. Rc1 Bd6 10. f3 Bh5 11. Na4 Rc8 12. Nc5 Bxf4 13. Nxf4 Qe7 14.
Nxh5 Nxh5 15. O-O O-O 16. Qb3 Rc7 17. Qb6 e5 18. Rfe1 Rfc8 19. Bf5 Re8 20. Nxa6 bxa6 21. Rxc6 Rxc6 22. Qxc6 exd4 23. Qxd5 dxe3 24. Be4 Nf6 25. Qd4 Nxe4 26. Rxe3 f5 27. Qd5+ Qf7 28. Qxf7+ Kxf7 29. fxe4 fxe4 30. Ra3 Re6 31. Kf2 Kf6 32. Ke3 Rb6 33.
b3 1-0

[Event "*** Titled Tuesday Blitz"]
[Site "Chess.com"]
[Date "2020.05.26"]
[Round "2"]
[White "Onischuk_V"]
[Black "valeriocarnicelli"]
[Result "1-0"]
[WhiteElo "2901"]
[BlackElo "2563"]
[TimeControl "180+1"]
[EndTime "10:16:56 PDT"]
[Termination "Onischuk_V won by resignation"]

1. e4 e5 2. Nf3 Nc6 3. Bb5 f5 4. Nc3 fxe4 5. Nxe4 Nf6 6. Qe2 d5 7. Nxf6+ gxf6 8. Nd4 Qd6 9. Qh5+ Kd8 10. Nxc6+ bxc6 11. Be2 Bd7 12. O-O Be7 13. d4 Rb8 14. b3 c5 15. dxe5 fxe5 16. Bb2 d4 17. Bd3 Bc6 18.
Rae1 Bf6 19. Bc1 Kc8 20. f4 Rg8 21. Rf2 Kb7 22. fxe5 Qe7 23. Be4 Bg5 24. Bxc6+ Kxc6 25. Rf7 Qe6 26. Bxg5 Rxg5 27. Qf3+ Kb6 28. Rf6 1-0

[Event "*** Titled Tuesday Blitz"]
[Site "Chess.com"]
[Date "2020.05.26"]
[Round "2"]
[White "keepitcool9499"]
[Black "Shivagami"]
[Result "1-0"]
[WhiteElo "2430"]
[BlackElo "2201"]
[TimeControl "180+1"]
[EndTime "10:16:56 PDT"]
[Termination "keepitcool9499 won by resignation"]

1. d4 Nf6 2. c4 c5 3. d5 e6 4.
Nc3 exd5 5. cxd5 g6 6. e4 d6 7. Nf3 a6 8. a4 Bg7 9. h3 O-O 10. Bd3 Nbd7 11. O-O Ne8 12. Re1 Qc7 13. Bg5 Rb8 14.
Be7 c4 15. Bf1 b5 16. axb5 axb5 17. Bxf8 Kxf8 18. Qd2 b4 19. Na4 Ba6 20. Nd4 Ne5 21. Rac1 Qa5 22. Ra1 Nc7 23. f4 Nd3 24. Nc6 Qb5 25.
Bxd3 cxd3 26. Nxb8 Qxb8 27. Kh1 Qa7 28. Qxb4 1-0

[Event "*** Titled Tuesday Blitz"]
[Site "Chess.com"]
[Date "2020.05.26"]
[Round "2"]
[White "Blitzstream"]
[Black "Gogolev_Artemy"]
[Result "1-0"]
[WhiteElo "2681"]
[BlackElo "2429"]
[TimeControl "180+1"]
[EndTime "10:16:57 PDT"]
[Termination "Blitzstream won on time"]

1. d4 Nf6 2. Bg5 g6 3. Bxf6 exf6 4. c4 f5 5. Nc3 Bg7 6. g3 O-O 7. Bg2 d6 8. e3 h5 9. Nge2 h4 10. O-O Nd7 11. b4 a6 12. a4 hxg3 13. hxg3 Nf6 14.
Qd3 c6 15. b5 axb5 16. axb5 Rxa1 17. Rxa1 Bd7 18. Ra7 Qb6 19. Ra2 Re8 20. Na4 Qa5 21. Qc3 Qxc3 22. Nexc3 Ne4 23. Nxe4 fxe4 24. Nb6 Bg4 25.
Ra7 cxb5 26. cxb5 Be2 27. Bf1 Bxf1 28. Kxf1 Re7 29. Nd5 Rd7 30. b6 f5 31. Nc7 g5 32.
Rxb7 f4 33. Ra7 1-0

[Event "*** Titled Tuesday Blitz"]
[Site "Chess.com"]
[Date "2020.05.26"]
[Round "2"]
[White "czasnaszachy"]
[Black "Arjun2002"]
[Result "0-1"]
[WhiteElo "2375"]
[BlackElo "2666"]
[TimeControl "180+1"]
[EndTime "10:16:57 PDT"]
[Termination "Arjun2002 won on time"]

1. d4 d5 2. c4 c6 3. cxd5 cxd5 4. Nc3 Nf6 5. Bf4 Nc6 6. e3 Bg4 7. f3 Bd7 8. a3 e6 9. Bd3 Nh5 10. Bg3 Nxg3 11. hxg3 g6 12. Nge2 Bg7 13. Rc1 O-O 14.
Bb1 Rc8 15. Na4 b6 16. Nac3 Na5 17. O-O Nc4 18. Kf2 Nxb2 19. Qb3 Nc4 20. Rfd1 Qe7 21. Bd3 Na5 22. Qb2 Rfd8 23. Rc2 Bf8 24. a4 Qa3 25. Qb1 Qb4 26. Qa1 Nc4 27. Bxc4 Rxc4 28. Rdc1 Rdc8 29.
Qa2 Qa3 30. Qxa3 Bxa3 31. Ra1 Bb4 32. Rac1 Bxa4 33. Nxa4 Rxc2 34. Rxc2 Rxc2 0-1

[Event "*** Titled Tuesday Blitz"]
[Site "Chess.com"]
[Date "2020.05.26"]
[Round "2"]
[White "harkerchess"]
[Black "Ural_bogatyr"]
[Result "1-0"]
[WhiteElo "2051"]
[BlackElo "2330"]
[TimeControl "180+1"]
[EndTime "10:16:57 PDT"]
[Termination "harkerchess won by resignation"]

1. d4 Nf6 2. Bg5 d5 3. Bxf6 exf6 4. e3 c6 5. c4 Qb6 6. Qb3 Be6 7. c5 Qc7 8. Nc3 Be7 9. Bd3 O-O 10. Nge2 Nd7 11.
O-O b6 12. cxb6 axb6 13. Rac1 Qa7 14. Nf4 Rfc8 15. Qc2 h6 16. Bg6 Nf8 17. Nxe6 fxe6 18. Bd3 c5 19. dxc5 bxc5 20. Qb1 Rab8 21. Bc2 Qb7 22. b3 e5 23. Bd3 Kh8 24. Qc2 Ra8 25. Qe2 Ra5 26. Rfd1 d4 27. exd4 cxd4 28. Na4 Rxc1 29.
Rxc1 Bb4 30. Qg4 Bc3 31. Qf5 Qd7 32. Qe4 Ra7 33. Bb1 Rc7 34. Rd1 Qe7 35. Qd3 Rc8 36. Rc1 Qb4 37. Qf5 Qa5 38. Qxc8 1-0

[Event "*** Titled Tuesday Blitz"]
[Site "Chess.com"]
[Date "2020.05.26"]
[Round "2"]
[White "Alexander_Donchenko"]
[Black "Koalaskakistis"]
[Result "1-0"]
[WhiteElo "2683"]
[BlackElo "2456"]
[TimeControl "180+1"]
[EndTime "10:16:58 PDT"]
[Termination "Alexander_Donchenko won by resignation"]

1. e4 c5 2. Nf3 Nc6 3. Bb5 Nf6 4. Qe2 Qc7 5. O-O a6 6. Bxc6 dxc6 7. d3 e5 8. Nc3 h6 9. h3 Be6 10. Be3 Nd7 11. a4 a5 12. Nd2 g5 13. Nc4 Be7 14. Bd2 b6 15. Ne3 O-O-O 16. Nf5 Bf6 17. Nd1 h5 18. Nde3 Rdg8 19. g3 Nf8 20. c3 h4 21.
Kg2 Ng6 22. b4 cxb4 23. cxb4 axb4 24. Bxb4 Qd7 25. a5 b5 26. a6 Kb8 27. Rfc1 Bd8 28. a7+ Ka8 29. Ra6 Ne7 30. Bxe7 Bxe7 31. Raxc6 hxg3 32.
Rc7 Bxf5 33. Nxf5 Qd8 34. Nxe7 gxf2 35. Rc8+ 1-0